 Dungeon Crawl Stone Soup version 0.30.1-4-g462c640d31 (webtiles) character file.

Game seed: 640353393268575735

415 spardeous the Conjurer (level 6, -7/45 HPs)
             Began as a Demigod Conjurer on Aug 18, 2023.
             Killed by divine providence
             ... invoked by an orc priest
              (12 damage)
             ... on level 5 of the Dungeon.
             The game lasted 00:02:59 (4610 turns).

spardeous the Conjurer (Demigod Conjurer)           Turns: 4610, Time: 00:03:00

Health: -7/45      AC:  5    Str: 16    XL:     6   Next: 33%
Magic:  2/11       EV: 11    Int: 20    God:
Gold:   153        SH:  0    Dex: 12    Spells: 5/8 levels left

rFire   . . .        x - +3 whip
rCold   . . .        (no shield)
rNeg    . . .        m - +0 ring mail
rPois   .            (no helmet)
rElec   .            (no cloak)
rCorr   .            (no gloves)
SInv    .            (no boots)
Will    .....        (no amulet)
Stlth   +            (no ring)
HPRegen 0.27/turn    (no ring)
MPRegen 0.12/turn

%: no passive effects
@: no status effects
A: high MP 1, forlorn, divine attributes
a: no special abilities


You were on level 5 of the Dungeon.
You visited 1 branch of the dungeon, and saw 5 of its levels.

You collected 153 gold pieces.

Inventory:

Hand Weapons
 p - a +1 spear of flaming
 x - a +3 whip (weapon)
Armour
 a - a +0 robe
 m - a +0 ring mail (worn)
Wands
 v - a wand of mindburst (3)
Scrolls
 d - 2 scrolls of immolation {unknown}
 f - 2 scrolls of blinking {unknown}
 i - 2 scrolls of noise {unknown}
 o - 4 scrolls of teleportation {unknown}
 r - 2 scrolls of fog {unknown}
 s - 2 scrolls of identify {unknown}
 t - a scroll of magic mapping {unknown}
 u - a scroll of fear {unknown}
Potions
 b - a potion of magic
 c - a potion of degeneration {unknown}
 e - 2 potions of might {unknown}
 g - 4 potions of curing {unknown}
 h - a potion of mutation {unknown}
 j - a potion of berserk rage {unknown}
 k - 2 potions of flight {unknown}
 l - 2 potions of heal wounds {unknown}
 n - a potion of ambrosia {unknown}
 q - 2 potions of brilliance {unknown}
 w - a potion of cancellation {unknown}


   Skills:
 - Level 1.7 Dodging
 - Level 1.7 Stealth
 - Level 1.7 Spellcasting
 + Level 7.3 Conjurations


You had 5 spell levels left.
You knew the following spells:

 Your Spells              Type           Power      Damage    Failure   Level
a - Magic Dart            Conj           100%       1d8       1%          1
b - Searing Ray           Conj           62%        2d6       2%          2

Your spell library contained the following spells:

 Spells                   Type           Power      Damage    Failure   Level
 Dazzling Flash           Conj/Hex       32%        N/A       21%         3
 Fulminant Prism          Conj/Hex       8%         3d7       56%         4
 Iskenderun's Mystic Bla  Conj/Tloc      16%        2d5       56%         4


Dungeon Overview and Level Annotations

Branches:
Dungeon (5/15)             Temple (0/1) D:4


Innate Abilities, Weirdness & Mutations

You have an increased reservoir of magic. (+10% MP)
You shall have no god before yourself.
Your divine heritage dramatically boosts your attributes as you level up.


Message History

The orc hits you with a +0 falchion.
* * * LOW HITPOINT WARNING * * *
You take 24 damage, and have 18/45 hp.
MASSIVE DAMAGE!!
You closely miss the orc. The orc hits you with a +0 falchion.
* * * LOW HITPOINT WARNING * * *
Casting: Searing Ray (safe; 2% risk of failure)
Confirm with . or Enter, or press ? or * to list all spells.
Aiming: Searing Ray (safe; 2% risk of failure)
Press: ? - help, Shift-Dir - straight line, f - orc
Aim: an orc, wielding a +0 falchion and wearing a +0 ring mail (82% to hit)
The searing ray hits the orc.
The orc is severely wounded.
The searing ray hits the orc.
The orc is severely wounded. (Press . to maintain the ray.)
The orc barely misses you.
You now have 4/11 mp.
Unknown command.
The searing ray hits the orc!
You kill the orc!
The searing ray hits the orc!
You kill the orc!
The searing ray hits the orc priest!
The orc priest is severely wounded.
The orc priest mumbles some strange prayers to Beogh against you.
Beogh smites you!
* * * LOW HITPOINT WARNING * * *
The orc priest calls upon Beogh to heal the orc priest.
The orc priest is healed somewhat.
You take 14 damage, and have 4/45 hp.
MASSIVE DAMAGE!!
The searing ray hits the orc priest!
The orc priest is almost dead.
The orc priest looks braver for a moment.
You now have 3/11 mp.
The searing ray hits the orc priest.
You kill the orc priest!
You finish channelling your searing ray.
The orc priest mumbles some strange prayers to Beogh against you.
Beogh smites you!
You die...

###### ..<..#
.###.#######
.#.>........ ###########
...#.####### #..@)).)o..
....[#########.#########
####...........#
#.########### #.# #..
###


You could see an orc priest.

Vanquished Creatures
  A phantom (D:4)
  A howler monkey (D:4)
  2 orc priests
  2 iguanas
  An orc wizard (D:4)
  4 gnolls
  5 adders
  2 ufetubi (D:4)
  2 worms (D:3)
  4 dart slugs
  5 orcs
  6 bats
  2 endoplasms (D:2)
  5 giant cockroaches
  7 goblins
  7 hobgoblins
  6 jackals
  10 kobolds
  3 quokkas
  11 ball pythons
  7 frilled lizards
  3 rats
96 creatures vanquished.

Notes
Turn   | Place    | Note
-------+----------+-------------------------------------------
     0 | D:1      | spardeous the Demigod Conjurer began the quest for the Orb.
     0 | D:1      | Reached XP level 1. HP: 14/14 MP: 5/5
   189 | D:1      | Reached skill level 4 in Conjurations
   311 | D:1      | Reached XP level 2. HP: 20/20 MP: 5/7
  1481 | D:2      | Reached XP level 3. HP: 26/26 MP: 4/8
  1886 | D:2      | Reached skill level 5 in Conjurations
  2160 | D:2      | Learned a level 2 spell: Searing Ray
  2167 | D:2      | Reached XP level 4. HP: 29/33 MP: 4/9
  3467 | D:4      | Noticed a phantom
  3473 | D:4      | Killed a phantom
  3474 | D:4      | Reached skill level 6 in Conjurations
  3474 | D:4      | Reached XP level 5. HP: 37/38 MP: 1/10
  3814 | D:4      | Found a staircase to the Ecumenical Temple.
  3906 | D:4      | Reached XP level 6. HP: 27/45 MP: 1/11
  4028 | D:4      | Reached skill level 7 in Conjurations
  4578 | D:5      | Entered Level 5 of the Dungeon
  4610 | D:5      | Killed from afar by an orc priest

Illustrated notes

Levels and vault maps discovered:
D:1:      dpeg_arrival_shrine, layout_basic, lexackson_kobold_supper
D:2:      layout_rooms, minmay_fountain_box
D:3:      layout_loops_corners, minmay_fractal_squares_diagonal_5
D:4:      layout_rooms, mainiacjoe_overflow_alcove_4,
          minmay_temple_entry_slanted
D:5:      layout_loops_ring, serial_shops, nicolae_shop_stone,
          gup_sewer_entry_pipe, minmay_puff, uniq_menkaure,
          uniq_crazy_yiuf_cottage

Skill      XL: |  1  2  3  4  5  6 |
---------------+-------------------+-----
Conjurations   | 4 5 6 7 |  7.3
Dodging        | |  1.7
Stealth        | |  1.7
Spellcasting   | |  1.7

Action                     |  1- 3 |  4- 6 || total
---------------------------+-------+-------++-------
  Melee: Unarmed           |     9 |       ||     9
         Spear             |       |     2 ||     2
         Whip              |       |     2 ||     2
   Cast: Magic Dart        |    90 |    89 ||   179
         Searing Ray       |     1 |    12 ||    13
 Armour: Robe              |     3 |       ||     3
         Ring mail         |     4 |     2 ||     6
  Dodge: Dodged            |    11 |    17 ||    28
